 Dungeon Crawl Stone Soup version 0.27-a0-1501-g9d6fb14e67 (webtiles) character file.

Game seed: 12360828502660631299

366 Lekart the Slasher (level 6, -14/53 HPs)
             Began as a Draconian Chaos Knight on July 8, 2021.
             Was a Plaything of Xom.
             Demolished by Menkaure (18 damage)
             ... on level 4 of the Dungeon.
             The game lasted 00:04:28 (4299 turns).

Lekart the Slasher (Draconian Chaos Knight)         Turns: 4299, Time: 00:04:28

Health: -14/53     AC:  6    Str: 15      XL:     6   Next: 40%
Magic:  9/9        EV: 12    Int: 12      God:    Xom [..*...]
Gold:   165        SH:  0    Dex:  7 (12) Spells: 9/9 levels left

rFire    . . .     SeeInvis .   a - +0 falchion (chaos)
rCold    . . .     Faith    .   (no shield)
rNeg     . . .     Spirit   .   (armour unavailable)
rPois    .         Reflect  .   (helmet restricted)
rElec    .         Harm     .   (no cloak)
rCorr    .         Rampage  .   (no gloves)
Will     .....                  (no boots)
Stlth    +.........             (no amulet)
HPRegen  0.17/turn              (no ring)
MPRegen  0.11/turn              (no ring)

@: very slightly contaminated, invisible
A: AC +6, unfitting armour, cold-blooded
a: Renounce Religion


You were on level 4 of the Dungeon.
You worshipped Xom.
You were a toy of Xom.
You visited 1 branch of the dungeon, and saw 5 of its levels.

You collected 165 gold pieces.

Inventory:

Hand Weapons
 a - a +0 falchion of chaos (weapon)
Jewellery
 i - an amulet of guardian spirit
Scrolls
 b - a scroll of summoning {unknown}
 c - 2 scrolls of teleportation {unknown}
 d - a scroll of enchant armour {unknown}
 e - a scroll of noise {unknown}
 h - a scroll of magic mapping {unknown}
Potions
 g - a potion of degeneration
 j - a potion of heal wounds
 k - a potion of resistance {unknown}
 l - 2 potions of lignification {unknown}


   Skills:
 + Level 4.7 Fighting
 + Level 4.9 Long Blades
 + Level 3.4 Dodging
 * Level 2.3 Spellcasting


You had 9 spell levels left.
You didn't know any spells.
Your spell library contained the following spells:

 Spells                   Type           Power      Damage    Failure   Level
 Dazzling Flash           Conj/Hex       2%         N/A       61%         3
 Iskenderun's Mystic Bla  Conj/Tloc      1%         2d3       95%         4
 Starburst                Conj/Fire      0%         8x6d3     100%        6


Dungeon Overview and Level Annotations

Branches:
Dungeon (5/15)             Temple (0/1) D:5

Altars:
Qazlal
Uskayaw
Wu Jian
Yredelemnul

Annotations:
D:4 Menkaure


Innate Abilities, Weirdness & Mutations

Your plain brown scales are hard. (AC +6)
You cannot fit into any form of body armour.
You are cold-blooded and may be slowed by cold attacks.


Message History

Menkaure is lightly damaged.
You completely miss Menkaure.
Menkaure is lightly damaged.
Menkaure asks, "Where am I?"
Menkaure closely misses you.
You hit Menkaure. You burn Menkaure.
Menkaure is moderately damaged.
Menkaure shouts, "What's happening?!"
Menkaure closely misses you.
You barely miss Menkaure.
Menkaure is moderately damaged.
Menkaure misses you.
You hit Menkaure but do no damage.
Menkaure is moderately damaged.
You hit Menkaure but do no damage.
Menkaure easily resists.
Menkaure is moderately damaged.
You barely miss Menkaure.
Menkaure is moderately damaged.
Menkaure seems less confused.
The endoplasm hits you but does no damage.
Menkaure hits you! The endoplasm misses you.
You hit Menkaure. You burn Menkaure.
Menkaure is moderately damaged.
Menkaure hits you. The endoplasm completely misses you.
You hit Menkaure but do no damage.
Space bends around Menkaure.
Menkaure is heavily damaged.
Menkaure hits you! The endoplasm hits you.
You are too injured to fight recklessly!
You hit Menkaure.
Menkaure is severely damaged.
Menkaure hits you!
* * * LOW HITPOINT WARNING * * *
The endoplasm closely misses you.
You hit Menkaure.
Menkaure seems to grow stronger.
Menkaure is almost destroyed.
The endoplasm freezes you.
* * * LOW HITPOINT WARNING * * *
Menkaure hits you!!
You die...
Xom titters!

####### #.....#
.#@###.#
......JM..#.#####
##....#<#.......#
#....#.....###.#
.##.....#######
#.# . .......#
#.# #.##...#.#
#.# #.....##.#
#.# #?.....<.#
#.#


You could see Menkaure (strong) and an endoplasm.

Vanquished Creatures
  Grinder (D:3)
  Terence (D:3)
  A howler monkey skeleton (D:4)
  A gnoll (D:5)
  5 adders
  A worm (D:4)
  2 dart slugs
  6 orcs
  6 ball pythons
  6 endoplasms
  4 giant cockroaches
  3 hobgoblins
  7 kobolds
  3 quokkas
  5 bats
  4 frilled lizards
  5 goblins
  4 rats (D:1)
65 creatures vanquished.

Vanquished Creatures (others)
  A plant (D:1)
1 creature vanquished.

Grand Total: 66 creatures vanquished

Notes
Turn   | Place    | Note
-------+----------+-------------------------------------------
     0 | D:1      | Lekart the Draconian Chaos Knight began the quest for the
                  | Orb.
     0 | D:1      | Reached XP level 1. HP: 19/19 MP: 1/1
    41 | D:1      | XOM: silly message
    44 | D:1      | XOM: divination: detect creatures
   281 | D:1      | XOM: 9-stop teleportation journey
   444 | D:1      | Reached XP level 2. HP: 24/26 MP: 2/2
   613 | D:1      | Found a faded altar of an unknown god.
   982 | D:1      | XOM: enchant monster (good)
  1359 | D:2      | Reached XP level 3. HP: 10/33 MP: 4/4
  1605 | D:2      | Reached skill level 1 in Spellcasting
  2068 | D:2      | Reached XP level 4. HP: 28/40 MP: 5/5
  2147 | D:2      | XOM: 7-stop teleportation journey
  2407 | D:2      | XOM: summons 3 hostile demons
  2714 | D:3      | Found a basalt altar of Yredelemnul.
  2810 | D:3      | Found a hide-covered altar of Uskayaw.
  2825 | D:3      | XOM: repel stairs
  2984 | D:3      | Noticed Grinder
  3013 | D:3      | Killed Grinder
  3014 | D:3      | Reached XP level 5. HP: 24/47 MP: 6/8
  3014 | D:3      | Reached XP level 6. HP: 27/53 MP: 6/9
  3471 | D:3      | Noticed Terence
  3484 | D:3      | Killed Terence
  3812 | D:3      | XOM: noise
  3932 | D:4      | Noticed Menkaure
  3932 | D:4      | You fall into a shaft and drop 1 floor!
  3932 | D:5      | Entered Level 5 of the Dungeon
  3951 | D:5      | Found a staircase to the Ecumenical Temple.
  3955 | D:5      | XOM: confuse monster(s)
  4168 | D:4      | Found an ornate altar of the Wu Jian Council.
  4182 | D:4      | Found a stormy altar of Qazlal.
  4285 | D:4      | XOM: potion effect (invisibility)
  4299 | D:4      | Demolished by Menkaure

Illustrated notes

Levels and vault maps discovered:
D:1:      onia_arrival_mini_maze_b, layout_loops_cross,
          chequers_ecumenical_altar_island, minmay_stone_trees_small,
          st_stairs_8, serial_bayou_pond_a, minmay_parallelograms
D:2:      layout_loops_ring, wad_orctagon
D:3:      layout_loops_ring, mainiacjoe_overflow_brackets, lemuel_round_altar,
          kennysheep_donut, amcnicky_mini_pool_small, uniq_terence, uniq_grinder
D:4:      layout_loops_ring, grunt_qazlal_sundering, minitemple,
          kennysheep_okawaru_gauntlet, uniq_menkaure, uniq_pikel
D:5:      layout_rooms, gammafunk_temple_overflow_pools,
          minmay_temple_entry_junction, ebering_ghost_gozag,
          minmay_joined_circles, uniq_duvessa

Skill      XL: |  1  2  3  4 |
---------------+-------------+-----
Spellcasting   | 1 2 |  2.3
Fighting       | 4 |  4.7
Long Blades    | 4 |  4.9
Dodging        | 3 |  3.4

Action                   |  1- 3 |  4- 6 || total
-------------------------+-------+-------++-------
Melee: Falchion          |    99 |   107 ||   206
       Tailslap          |     7 |     8 ||    15
  Use: Potion            |       |     5 ||     5
 Stab: Sleeping          |     1 |       ||     1
       Paralysed         |       |     3 ||     3
Armor: Skin              |    23 |    44 ||    67
Dodge: Dodged            |    66 |    68 ||   134
       Rpst.: Falchion   |    17 |    17 ||    34

Table legend: (Time is in decaauts)
 A = Elapsed time spent in this place.
 B = Non-inter-level travel time spent in this place.
 C = Inter-level travel time spent in this place.
 D = Time resting spent in this place.
 E = Time spent auto-exploring this place.
 F = Levels seen in this place.
 G = Mean time per level.
                   A        B        C        D        E       F      G
               +--------+--------+--------+--------+--------+-----+--------+
         Total |   4310 |   4148 |    162 |    623 |   3003 |   5 |  862.0 |
       Dungeon |   4310 |   4148 |    162 |    623 |   3003 |   5 |  862.0 |
               +--------+--------+--------+--------+--------+-----+--------+

Top non-repeatable levels by time:
     D:1: 1458 daAuts
     D:3: 1236 daAuts
     D:2: 1223 daAuts
     D:4: 371 daAuts
     D:5: 20 daAuts
